Map: Last Fantasy LE

Players

ManlyManMeat

  • Race: Protoss Protoss
  • Spawn Location: 12:00

RynoWNell - Winner!

  • Race: Protoss Protoss
  • League: Gold
  • Spawn Location: 3:00

VOD

Have the link to the VOD?

Description

Time

  • Played on: May 14, 2025, 4:06 a.m.
  • Length: 12:29
Show
View Real Time Build Order
Export as new Build Order

ManlyManMeat Protoss 

Build Orders:  

Get SALT Encoding   

  12  0:11  Pylon  
  12  0:12  Probe  
  13  0:20  Probe  
  14  0:35  Gateway  
  14  0:36  Probe  
  15  0:56  Probe  
  16  1:02  Pylon  
  16  1:04  Probe  
  16  1:06  Assimilator  
  17  1:44  Probe  
  17  1:45  Forge  
  18  1:53  Nexus  
  18  1:56  Probe  
  19  2:08  Probe, Gateway  
  20  2:20  Probe  
  21  2:26  Cybernetics Core  
  21  2:32  Zealot  
  23  2:40  Assimilator  
  23  2:51  Pylon  
  23  3:03  Sentry, Stalker  
  25  3:09  Probe  
  27  3:15  Probe  
  27  3:17  Probe  
  29  3:26  Adept  
  33  3:27  Probe  
  33  3:39  Probe  
  34  3:51  Probe  
  35  4:27  Probe  
  35  4:29  Assimilator  
  36  4:32  Assimilator  
  36  4:35  Probe  
  36  4:39  Probe  
  36  4:43  Probe  
  38  4:50  Zealot x2  
  38  4:51  Probe  
  38  4:52  Warp Gate  
  44  4:53  Probe  
  45  5:03  Probe  
  46  5:20  Zealot  
  46  5:21  Zealot  
  50  5:31  Probe  
  51  5:40  Probe  
  51  5:49  Probe, Pylon  
  52  5:52  Pylon  
  53  7:59  Zealot  
  55  8:20  Protoss Shields Level 1  
  55  8:27  Cybernetics Core, Pylon  
  55  8:52  Stargate  
  55  8:55  Robotics Facility  
  55  9:02  Twilight Council  
  55  9:20  Protoss Air Weapons Level 1, Protoss Air Armor Level 1  
  55  9:22  Zealot  
  55  9:23  Zealot  
  59  9:36  Pylon  
  59  9:50  Shield Battery  
  59  10:21  Protoss Ground Weapons Level 1  
  59  10:26  Phoenix  
  57  10:46  Phoenix  
  57  10:47  Stalker  
  57  10:48  Stalker  
  63  11:04  Pylon  
  63  11:06  Pylon  
  59  11:33  Pylon  
  59  11:36  Stalker  
  59  11:37  Stalker, Pylon  
  59  11:42  Pylon  
  55  11:57  Cybernetics Core  
  55  11:58  Cybernetics Core  
  55  12:01  Stargate  
  41  12:06  Stargate  
  36  12:16  Stalker  
  36  12:17  Stalker  
Show
View Real Time Build Order
Export as new Build Order

RynoWNell Protoss - Winner!

Build Orders:  

Get SALT Encoding   

  12  0:00  Probe  
  13  0:13  Probe  
  14  0:17  Pylon  
  14  0:25  Probe  
  15  0:37  Probe  
  15  0:40  Gateway  
  16  0:49  Probe  
  17  1:01  Probe  
  17  1:02  Assimilator  
  18  1:06  Assimilator  
  18  1:13  Probe  
  18  1:17  Pylon  
  19  1:24  Probe  
  20  1:30  Cybernetics Core  
  20  1:32  Probe  
  21  1:40  Probe  
  22  1:48  Probe  
  23  1:56  Probe  
  24  2:07  Probe  
  24  2:09  Nexus  
  24  2:13  Shield Battery  
  25  2:27  Probe, Assimilator  
  26  2:36  Stalker  
  26  2:37  Forge  
  28  2:45  Probe  
  29  3:00  Pylon  
  29  3:01  Pylon  
  29  3:05  Assimilator  
  29  3:13  Photon Cannon  
  29  3:14  Stalker  
  31  3:28  Probe  
  31  3:29  Photon Cannon  
  32  3:36  Probe  
  32  3:41  Stalker  
  33  3:47  Probe  
  33  3:48  Probe  
  37  3:59  Photon Cannon  
  37  4:00  Probe  
  38  4:12  Probe  
  38  4:15  Protoss Ground Weapons Level 1, Pylon  
  39  4:22  Probe, Photon Cannon  
  39  4:30  Probe  
  40  4:32  Probe  
  40  4:38  Probe, Protoss Air Weapons Level 1  
  43  4:45  Pylon  
  43  4:50  Probe  
  44  4:59  Probe  
  45  5:03  Probe  
  46  5:16  Stargate  
  46  5:22  Probe x2  
  48  5:30  Probe  
  49  5:38  Probe  
  49  5:42  Pylon  
  50  6:03  Twilight Council  
  54  6:05  Void Ray  
  54  6:07  Protoss Shields Level 1  
  54  6:08  Robotics Facility  
  54  6:12  Pylon  
  54  6:18  Probe  
  55  6:30  Probe  
  55  6:31  Protoss Air Armor Level 1  
  56  6:42  Probe  
  56  6:44  Nexus  
  56  6:46  Dark Shrine  
  61  6:48  Void Ray  
  61  6:57  Observer  
  62  7:08  Pylon  
  62  7:13  Pylon  
  62  7:15  Immortal  
  66  7:18  Assimilator  
  66  7:23  Pylon  
  66  7:43  Photon Cannon  
  66  7:45  Shield Battery  
  66  7:48  Shield Battery  
  66  7:50  Photon Cannon  
  66  7:54  Immortal  
  66  7:55  Photon Cannon  
  66  7:56  Probe, Shield Battery, Dark Templar  
  70  7:58  Protoss Ground Armor Level 1  
  70  8:02  Assimilator  
  70  8:04  Probe  
  71  8:12  Stargate  
  74  8:14  Fleet Beacon, Probe  
  75  8:30  Shadow Stride  
  75  8:35  Dark Templar  
  77  8:42  Probe  
  78  8:51  Observer  
  83  9:10  Immortal  
  83  9:14  Dark Templar  
  85  9:32  Tempest x2  
  93  10:00  Protoss Shields Level 2  
  93  10:14  Tempest  
  93  11:08  Unknown  
  93  11:09  Flux Vanes  
Tags
 
League
Gold
Matchup
PvP
Spawn Locations
Close Positions
Add a new tag
Caveats
  • Supply blocks, unpowered buildings, or Contaminate may cause inaccurate times.
  • Supply counts are checked every 10 seconds.